 Dungeon Crawl Stone Soup version 0.26-a0-926-g43279f1ce9 (webtiles) character file.

Game seed: 12100122640742417001

27213 EWolf27 the Fighter (level 13, -12/122 HPs)
             Began as a Minotaur Fighter on Nov 26, 2020.
             Was a High Priest of the Shining One.
             Mangled by a vampire knight
             ... wielding a +0 great mace
              (22 damage)
             ... while paralysed by a vampire knight
             ... on level 14 of the Dungeon.
             The game lasted 01:15:36 (16891 turns).

EWolf27 the Fighter (Minotaur Fighter)             Turns: 16891, Time: 01:15:36

Health: -12/122    AC: 17    Str: 28    XL:     13   Next: 3%
Magic:  2/6        EV:  2    Int:  7    God:    the Shining One [*****.]
Gold:   626        SH:  0    Dex: 12    Spells: 11/12 levels left

rFire    . . .     SeeInvis .   a - +3 war axe (antimagic)
rCold    + . .     Faith    .   c - +0 kite shield
rNeg     + + .     Spirit   .   e - +0 chain mail
rPois    .         Reflect  +   (helmet restricted)
rElec    .         Harm     .   H - +0 cloak
rCorr    .         Rampage  .   I - +2 pair of gloves
MR       +....                  r - +1 pair of boots
Stlth    ..........             u - amulet of Kindness {Reflect rC+ MR+ SH+5}
HPRegen  0.00/turn              w - +6 ring of strength
MPRegen  0.10/turn              d - +4 ring of slaying

@: paralysed, glowing
A: retaliatory headbutt, horns 2, inhibited regeneration
a: Divine Shield, Cleansing Flame, Summon Divine Warrior, Renounce Religion


You were on level 14 of the Dungeon.
You worshipped the Shining One.
The Shining One was extremely pleased with you.
You visited 2 branches of the dungeon, and saw 15 of its levels.
You also visited: Ossuary and Bailey.

You collected 1221 gold pieces.
You spent 595 gold pieces at shops.

Inventory:

Hand Weapons
 a - a +3 antimagic war axe (weapon)
 b - a +0 whip of flaming
Missiles
 f - 560 stones (quivered)
 p - 5 poisoned darts
Armour
 c - a +0 kite shield (worn)
 e - a +0 chain mail (worn)
 r - a +1 pair of boots (worn)
 H - a +0 cloak (worn)
 I - a +2 pair of gloves (worn)
Jewellery
 d - a +4 ring of slaying (right hand)
 u - the amulet of Kindness (around neck) {Reflect rC+ MR+ SH+5}
   (You bought it in a shop on level 7 of the Dungeon)

   [amulet of reflection]

   It shields you and reflects attacks.
   It protects you from cold.
   It affects your resistance to hostile enchantments.
   It affects your SH (+5).
 w - a +6 ring of strength (left hand)
 A - an uncursed ring of protection from fire
 C - an uncursed ring of resist corrosion
Wands
 i - a wand of polymorph (8)
 y - a wand of flame (21)
 J - a wand of acid (6)
 K - a wand of paralysis (10)
Scrolls
 j - a scroll of identify
 k - 8 scrolls of remove curse
 l - 4 scrolls of enchant armour
 m - 3 scrolls of magic mapping
 s - 2 scrolls of enchant weapon
 v - 2 scrolls of fear
 x - a scroll of silence {unknown}
 z - 5 scrolls of teleportation
Potions
 g - 7 potions of curing
 h - 5 potions of berserk rage
 n - 3 potions of resistance
 o - 6 potions of lignification
 q - 3 potions of heal wounds
 t - a potion of cancellation
 B - a potion of ambrosia
 D - a potion of flight
 E - a potion of magic
 G - 2 potions of attraction


   Skills:
 + Level 13.3 Fighting
 + Level 13.1 Axes
 - Level 8.0 Armour
 + Level 7.1 Dodging
 - Level 11.2 Shields
 + Level 9.6 Invocations


You had 11 spell levels left.
You knew the following spells:

 Your Spells              Type           Power        Failure   Level
a - Apportation           Tloc           #.....       98%         1

Your spell library contained the following spells:

 Spells                   Type           Power        Failure   Level
 Animate Skeleton         Necr           #.....       98%         1
 Corona                   Hex            #......      98%         1
 Summon Small Mammal      Summ           #...         98%         1
 Confusing Touch          Hex            #.......     100%        3
 Gell's Gravitas          Tloc           #.........   100%        3
 Lesser Beckoning         Tloc           #.........   100%        3
 Tukima's Dance           Hex            #.......     100%        3
 Petrify                  Tmut/Erth      #.......     100%        4
 Alistair's Intoxication  Tmut/Pois      #........    100%        5
 Metabolic Englaciation   Hex/Ice        #.........   100%        5
 Yara's Violent Unravell  Hex/Tmut       #.........   100%        5
 Invisibility             Hex            #.......     100%        6


Dungeon Overview and Level Annotations

Branches:
Dungeon (14/15)            Temple (1/1) D:7            Lair (0/6) D:8
    Orc (0/2) D:9         Ossuary (visited)          Bailey (visited)
 Vaults: D:13-14

Altars:
Ashenzari
Cheibriados
Dithmenos
Elyvilon
Fedhas
Gozag
Hepliaklqana
Kikubaaqudgha
Makhleb
Nemelex Xobeh
Okawaru
Qazlal
Ru
Sif Muna
Trog
Uskayaw
Vehumet
Wu Jian
Xom
Yredelemnul
Zin
The Shining One
Beogh

Shops:
D:7 =*[

Portals:
Trove: D:14 (give 4 scrolls of fog)

Annotations:
D:8 2 transporters
D:11 3 runed translucent doors, Turbonekonecno's ghost, journeyman DsFi
D:14 3 runed translucent doors, PanSaczeczos's ghost, adept MfVM


Innate Abilities, Weirdness & Mutations

You reflexively headbutt those who attack you in melee.
You have a pair of horns on your head.
You do not regenerate when monsters are visible.


Message History

The vampire mosquito bites you but does no damage.
The vampire knight is infused with unholy energy.
* * * LOW HITPOINT WARNING * * *
The vampire knight draws life force from you and is healed!
The vampire mosquito bites you but does no damage.
The vampire mosquito bites you!
* * * LOW HITPOINT WARNING * * *
The vampire mosquito draws strength from your injuries!
The vampire knight is infused with unholy energy.
* * * LOW HITPOINT WARNING * * *
The vampire knight draws life force from you and is healed!
The vampire knight hits you but does no damage.
The vampire knight bites you but does no damage.
The four-headed hydra bites you but does no damage. x4
The vampire mosquito bites you but does no damage.
The vampire knight falters for a moment.
The vampire mosquito bites you.
* * * LOW HITPOINT WARNING * * *
The vampire knight hits you with a +0 great mace!!
You die...

### ..# #.# #######.# .
#.....#.# . #.)⌠..yV## #
#.....#@.###### # #
#######DV.....##########
####.#.
#.#.#.#.##.............#
.......
.......................'
..B....
..#.#########..........#
# #..........# .......
#..........# .......
#........... #######
#..........#


You could see a four-headed hydra, 2 vampire knights and a vampire mosquito.

Vanquished Creatures
  Jorgrun (D:12)
  Frances (D:13)
  Snorg (D:13)
  A boulder beetle (D:12)
  Erolcha (D:12)
  2 hydras
  2 centaur warriors
  2 two-headed ogres
  An unseen horror (D:12)
  Pikel (D:5)
  An orc knight (Bailey)
  A cyclops (D:11)
  An elephant (D:8)
  5 kobold demonologists
  A queen bee (shapeshifter) (D:14)
  2 trolls (D:12)
  2 hornets
  Sigmund (D:6)
  A wraith (D:11)
  3 wyverns
  2 basilisks (D:8)
  9 yaks
  3 vampires (D:14)
  A steam dragon (D:11)
  3 vampire mosquitoes
  4 wargs (D:9)
  Duvessa (D:4)
  3 ice beasts
  17 orc warriors
  6 sky beasts
  5 black bears
  A hornet zombie (D:8)
  A necrophage (D:12)
  An ogre (D:13)
  4 phantoms
  An eye of draining (D:12)
  9 centaurs
  2 big kobolds
  An elf zombie (D:8)
  12 bullfrogs
  2 elf skeletons (D:8)
  2 wyvern zombies (D:12)
  4 scorpions
  Dowan (D:4)
  5 wights
  A howler monkey (D:9)
  An electric eel (Bailey)
  A crimson imp (D:4)
  A centaur zombie (D:10)
  4 bullfrog zombies
  14 orc priests
  13 hounds
  5 jellies
  2 quasits
  2 bullfrog skeletons
  3 centaur skeletons
  22 orc wizards
  A human skeleton (D:8)
  An iguana (D:12)
  8 worker ants
  A killer bee zombie (D:7)
  3 hound zombies
  4 mummies (Ossuary)
  A howler monkey zombie (D:11)
  Robin (D:3)
  10 adders
  12 gnolls
  2 shadow imps
  2 white imps
  An ooze (D:1)
  3 ufetubi
  2 adder zombies (Ossuary)
  An adder skeleton (D:4)
  3 worms
  3 dart slugs
  7 leopard geckos
  68 orcs
  A ball python (D:1)
  9 bats
  6 giant cockroaches
  3 gnoll zombies
  26 goblins
  11 hobgoblins
  4 jackals (D:3)
  5 quokkas
  2 frilled lizards
  A goblin zombie (Ossuary)
  2 hobgoblin zombies (Ossuary)
  A jackal zombie (Ossuary)
  15 kobolds
  2 kobold zombies (Ossuary)
  2 orc skeletons (D:8)
  A quokka zombie (D:9)
  12 rats
  A rat zombie (Ossuary)
  2 bushes (D:1)
440 creatures vanquished.

Vanquished Creatures (others)
  4 plants (D:1)
  A withered plant (D:8)
5 creatures vanquished.

Grand Total: 445 creatures vanquished

Notes
Turn   | Place    | Note
-------+----------+-------------------------------------------
     0 | D:1      | EWolf27 the Minotaur Fighter began the quest for the Orb.
     0 | D:1      | Reached XP level 1. HP: 19/19 MP: 0/0
   125 | D:1      | Reached XP level 2. HP: 27/27 MP: 1/1
   450 | D:1      | Reached XP level 3. HP: 33/33 MP: 2/2
   937 | D:2      | Found a shadowy altar of Dithmenos.
  1091 | D:2      | Reached XP level 4. HP: 40/41 MP: 3/3
  1877 | D:3      | Reached XP level 5. HP: 22/47 MP: 4/4
  2057 | D:3      | Found a glowing golden altar of the Shining One.
  2071 | D:3      | Became a worshipper of the Shining One
  2094 | D:3      | Noticed a sky beast
  2144 | D:3      | Killed a sky beast
  2145 | D:3      | Reached skill level 5 in Fighting
  2145 | D:3      | Reached skill level 5 in Armour
  2145 | D:3      | Reached skill level 5 in Shields
  2145 | D:3      | Reached XP level 6. HP: 24/56 MP: 5/5
  2435 | D:3      | Noticed Robin
  2457 | D:3      | Killed Robin
  2820 | D:4      | Reached skill level 5 in Axes
  3050 | D:4      | Found a burning altar of Makhleb.
  3056 | D:4      | Reached XP level 7. HP: 59/61 MP: 6/6
  3149 | D:4      | Reached * piety under the Shining One
  3156 | D:4      | Found a basalt altar of Yredelemnul.
  3226 | D:4      | You fall into a shaft and drop 1 floor!
  3226 | D:5      | Entered Level 5 of the Dungeon
  3799 | D:4      | Noticed Duvessa
  3801 | D:4      | Noticed Dowan
  3805 | D:4      | Reached ** piety under the Shining One
  3806 | D:4      | Reached XP level 8. HP: 56/71 MP: 7/7
  3812 | D:4      | Killed Dowan
  3814 | D:4      | Killed Duvessa
  3926 | D:4      | Found an iron altar of Okawaru.
  4081 | D:5      | Noticed Pikel
  4101 | D:5      | Killed Pikel
  4502 | D:5      | Found a sacrificial altar of Ru.
  4796 | D:6      | Found a snail-covered altar of Cheibriados.
  4809 | D:6      | Reached XP level 9. HP: 81/81 MP: 8/8
  4828 | D:6      | Noticed Sigmund
  4836 | D:6      | Killed Sigmund
  4837 | D:6      | Reached skill level 1 in Invocations
  5324 | D:7      | Found Itsiw's Jewellery Shop.
  5377 | D:7      | Noticed a two-headed ogre
  5388 | D:7      | Killed a two-headed ogre
  5474 | D:7      | Found a staircase to the Ecumenical Temple.
  5508 | D:7      | Found a shimmering altar of Xom.
  5523 | Temple   | Entered the Ecumenical Temple
  5647 | D:7      | Found Maigh's Armour Emporium.
  5706 | D:7      | Found a stormy altar of Qazlal.
  5992 | D:7      | Learned a level 1 spell: Apportation
  6089 | D:7      | Found an ornate altar of the Wu Jian Council.
  6143 | D:7      | Found a bloodstained altar of Trog.
  6158 | D:7      | Found Akinneokk's General Store.
  6340 | D:8      | Found an ancient bone altar of Kikubaaqudgha.
  6419 | D:8      | Found a bloodstained altar of Trog.
  6444 | D:8      | Found a sand-covered staircase.
  6449 | Ossuary  | Entered an ossuary
  6449 | Ossuary  | Reached *** piety under the Shining One
  6666 | D:8      | Reached **** piety under the Shining One
  6791 | D:8      | Found a hide-covered altar of Uskayaw.
  6870 | D:8      | Reached XP level 10. HP: 91/91 MP: 12/12
  7123 | D:8      | Found a staircase to the Lair.
  7123 | D:8      | Noticed an elephant
  7146 | D:8      | Killed an elephant
  7414 | D:8      | Found a transporter.
  7583 | D:8      | Found a roughly hewn altar of Beogh.
  7583 | D:8      | Found a transporter.
  7874 | D:7      | Bought the amulet of Kindness {Reflect rC+ MR+ SH+5} for
                  | 595 gold pieces
  7960 | D:9      | Found a staircase to the Orcish Mines.
  7977 | D:9      | Reached skill level 5 in Invocations
  7981 | D:9      | Reached skill level 10 in Shields
  8333 | D:9      | Reached skill level 10 in Fighting
  8789 | D:9      | Identified the +6 halberd "Lieqoum" {spect, +Blink MR+
                  | Stlth+} (You found it on level 9 of the Dungeon)
  9075 | D:9      | Reached skill level 10 in Axes
  9616 | D:10     | Entered Level 10 of the Dungeon
 10399 | D:10     | Found an iron altar of Okawaru.
 10480 | D:10     | Reached XP level 11. HP: 101/101 MP: 14/14
 10768 | D:11     | Found a flagged portal.
 10787 | Bailey   | Entered a bailey
 10999 | Bailey   | Found an iron altar of Okawaru.
 11022 | Bailey   | Gained mutation: You do not regenerate when monsters are
                  | visible. [a neqoxec]
 11069 | Bailey   | Reached ***** piety under the Shining One
 11069 | Bailey   | Noticed an orc knight
 11109 | Bailey   | Killed an orc knight
 11625 | D:11     | Found a runed translucent gate.
 11625 | D:11     | Found a runed translucent gate.
 11625 | D:11     | Found a runed translucent gate.
 11626 | D:11     | Found an opulent altar of Gozag.
 11627 | D:11     | Noticed a death knight
 11628 | D:11     | Noticed Turbonekonecno's ghost (journeyman DsFi)
 12106 | D:11     | Noticed a six-headed hydra
 12119 | D:11     | Killed a six-headed hydra
 12120 | D:11     | Reached skill level 1 in Dodging
 13175 | D:12     | Noticed Erolcha
 13175 | D:12     | Noticed a boulder beetle
 13184 | D:12     | Killed Erolcha
 13211 | D:12     | Killed a boulder beetle
 13212 | D:12     | Reached XP level 12. HP: 56/112 MP: 5/17
 13506 | D:12     | Noticed Jorgrun
 13530 | D:12     | Killed Jorgrun
 13892 | D:12     | Noticed a seven-headed hydra
 13910 | D:12     | Killed a seven-headed hydra
 13911 | D:12     | Reached skill level 5 in Dodging
 14382 | D:12     | Noticed a two-headed ogre
 14389 | D:12     | Killed a two-headed ogre
 14977 | D:13     | Noticed a centaur warrior
 14984 | D:13     | Killed a centaur warrior
 15154 | D:13     | Noticed Snorg
 15162 | D:13     | Killed Snorg
 15223 | D:13     | Noticed Frances
 15252 | D:13     | Killed Frances
 16495 | D:14     | Noticed a boulder beetle
 16601 | D:14     | Found a runed translucent gate.
 16601 | D:14     | Found a runed translucent gate.
 16601 | D:14     | Found a runed translucent gate.
 16601 | D:14     | Noticed a minotaur
 16602 | D:14     | Noticed PanSaczeczos's ghost (adept MfVM)
 16607 | D:14     | Noticed a centaur warrior
 16612 | D:14     | Killed a centaur warrior
 16760 | D:14     | Found a portal to a secret trove of treasure.
 16812 | D:14     | Reached XP level 13. HP: 122/122 MP: 6/19
 16872 | D:14     | Noticed a vampire knight
 16872 | D:14     | Noticed a vampire knight
 16873 | D:14     | Found the +12 Vampire's Tooth {vamp}
 16886 | D:14     | Paralysed by a vampire knight for 7 turns
 16891 | D:14     | Mangled by a vampire knight

Illustrated notes

Levels and vault maps discovered:
D:1:      dpeg_arrival_ratfight, layout_basic, serial_forest,
          infiniplex_forest_lined_2, infiniplex_forest_lined_3_way,
          infiniplex_forest_lined_3, infiniplex_forest_diagonal,
          infiniplex_forest_zigzag_1, infiniplex_forest_end_3, st_stairs_7
D:2:      layout_basic, lemuel_doored_altar
D:3:      layout_rooms, overflow_temple_1_default, uniq_robin
D:4:      layout_rooms, makhleb_grotto_becter, lemuel_zombie_altar_yredelemnul,
          st_stairs_12, okawaru_trees_2, uniq_duvessa
D:5:      layout_rooms, nicolae_ru_great_annihilating_truth,
          grunt_decor_fettered, grunt_decor_cap, uniq_pikel
D:6:      layout_loops_cross, old_standard_altar, uniq_sigmund
D:7:      layout_rooms, kennysheep_little_box, nicolae_overflow_hidden_temple,
          temple_statues, basic_altar, serial_shops, nicolae_shop_waterfront,
          shop, shop, xom_teletrap_fun
D:8:      gammafunk_beogh_shrine, layout_basic, kiku_gazebo_garden_becter,
          kennysheep_mini_moat, eat_drink_and_be_merry_uskayaw,
          david_lair_generic, nicolae_ossuary_entry_catacombs
D:9:      layout_loops_corners, minmay_orc_entry_guard_dogs, serial_rivers,
          chequers_serial_rivers_small_a, chequers_serial_rivers_micro_d,
          chequers_serial_rivers_micro_c, chequers_serial_rivers_small_b,
          chequers_serial_rivers_micro_e, chequers_serial_rivers_marsh
D:10:     layout_basic, basic_altar
D:11:     layout_long_grid, enter_bailey_6, ebering_ghost_gozag,
          item_on_display_a
D:12:     layout_roguey, minmay_fractal_squares_5, uniq_erolcha, uniq_jorgrun
D:13:     layout_stronghold, uniq_frances, uniq_snorg
D:14:     minmay_the_grid_triangle_9x9_rhombus_full_mashed
          [minmay_the_grid_triangle_9x9_semitri,
          minmay_the_grid_triangle_9x9_warning,
          minmay_the_grid_triangle_9x9_zippers_vertical,
          minmay_the_grid_triangle_9x9_corrupted_corridor,
          minmay_the_grid_triangle_9x9_dagger,
          minmay_the_grid_triangle_9x9_negative_grid,
          minmay_the_grid_triangle_9x9_empty,
          minmay_the_grid_triangle_9x9_prize_center], layout_basic,
          lightli_vaults_fourway_checkpoint, hex_tiny,
          maelrawn_ghost_gauntlet_escape, nicolae_trove_entry_free_sample,
          minmay_misc_feat_hallway, minmay_guarded_unrand_vampires_tooth,
          uniq_rupert
Temple:   jpeg_temple_clearing

Skill      XL: |  1  2  3  4  5  6  7  8  9 10 11 12 |
---------------+-------------------------------------+-----
Armour         | 4 5 6 8 |  8.0
Shields        | 4 5 6 7 9 10 11 | 11.2
Fighting       | 4 5 6 7 9 10 12 13 | 13.3
Axes           | 3 4 5 6 7 9 10 11 13 | 13.1
Invocations    | 4 6 8 9 |  9.6
Dodging        | 4 7 |  7.1

Action                   |  1- 3 |  4- 6 |  7- 9 | 10-12 | 13-15 || total
-------------------------+-------+-------+-------+-------+-------++-------
Melee: War axe           |   153 |   167 |   258 |   558 |    25 ||  1161
       Headbutt          |    37 |    32 |    54 |   139 |     8 ||   270
       Whip              |       |       |       |    32 |       ||    32
Throw: Stone             |     2 |       |       |       |       ||     2
Invok: Divine Shield     |       |       |     1 |     7 |       ||     8
       Cleansing Flame   |       |       |       |     1 |     1 ||     2
Evoke: Wand              |       |       |       |     5 |       ||     5
  Use: Potion            |       |     1 |       |    10 |       ||    11
       Scroll            |       |     3 |    10 |    22 |       ||    35
Armor: Chain mail        |    55 |    98 |   109 |   147 |    22 ||   431
Dodge: Dodged            |    22 |    40 |    59 |   117 |    12 ||   250
Block: Kite shield       |    39 |   101 |   138 |   497 |    15 ||   790
       Reflection        |       |       |       |    26 |       ||    26

Table legend: (Time is in decaauts)
 A = Elapsed time spent in this place.
 B = Non-inter-level travel time spent in this place.
 C = Inter-level travel time spent in this place.
 D = Time resting spent in this place.
 E = Time spent auto-exploring this place.
 F = Levels seen in this place.
 G = Mean time per level.
                   A        B        C        D        E       F      G
               +--------+--------+--------+--------+--------+-----+--------+
         Total |  17049 |  16462 |    587 |   4989 |   4642 |  17 | 1002.9 |
       Dungeon |  15948 |  15369 |    579 |   4571 |   4532 |  14 | 1139.1 |
        Temple |    119 |    111 |      8 |      0 |    110 |   1 |  119.0 |
       Ossuary |    172 |    172 |      0 |      0 |      0 |   1 |  172.0 |
        Bailey |    809 |    809 |      0 |    418 |      0 |   1 |  809.0 |
               +--------+--------+--------+--------+--------+-----+--------+

Top non-repeatable levels by time:
    D:12: 1907 daAuts
    D:13: 1840 daAuts
     D:9: 1691 daAuts
     D:8: 1463 daAuts
    D:11: 1273 daAuts
     D:5: 1225 daAuts
    D:10: 1096 daAuts
     D:3: 1021 daAuts
     D:2: 970 daAuts
     D:1: 962 daAuts
     D:7: 880 daAuts
  Bailey: 809 daAuts
     D:4: 753 daAuts
     D:6: 545 daAuts
    D:14: 316 daAuts
